Minoru, lawful male human Samurai ---- --------- |<..--- ------.......-- |.....---|.........--..| --..|....|.---------|..| --.|-.....---- ---- --|.........| ---.|....| - --..| ------ |..|.... |%!`%| --......--- ....| |........| -|- ----....-- -----.---.. -|...-- |..|-.........|..---. |..-...........(.@.-|- -----..........----@@G. |..............-- --+-- ||-----.........| |...| --..------- |...| --- ----- Minoru the Ninja Experience level: 6 Strength: 15 Dexterity: 15 Constitution: 18 Intelligence: 10 Wisdom: 10 Charisma: 6 Health: 0(45) Energy: 14(14) Def: 7 Gold: 695 Moves: 2894 Dungeon seed: 03bCh7wNjhfbah1L Game ID: Minoru_1527974090 Your Inventory: Coins $ - 695 gold pieces Weapons a - a +0 katana (weapon in hand) b - a blessed +0 wakizashi (alternate weapon; not wielded) c - a +0 yumi d - 37 +0 ya (in quiver) k - a +0 orcish dagger w - 9 +0 arrows x - a +0 bow E - a thoroughly rusty +0 long sword Armor e - an uncursed rustproof +0 splint mail (being worn) r - an uncursed +0 orcish helm (being worn) Comestibles i - 3 uncursed lichen corpses l - 2 uncursed gunyoki Scrolls j - a blessed scroll of confuse monster n - an uncursed scroll of teleportation o - an uncursed scroll of earth L - a cursed scroll of taming M - an uncursed scroll of summoning Spellbooks u - an uncursed spellbook of force bolt v - an uncursed spellbook of remove curse Potions I - a blessed potion of levitation Rings O - a blessed +1 ring of increase damage (on left hand) Tools f - an uncursed oil lamp (0:1061) h - an uncursed oil lamp (0:1049) s - an uncursed osaku t - 2 uncursed tallow candles (0:200) F - a blessed tallow candle (0:200) G - an uncursed partly used wax candle (lit) (0:302) H - an uncursed osaku Gems q - an uncursed opal y - an uncursed worthless piece of yellowish brown glass z - an uncursed worthless piece of red glass A - an uncursed worthless piece of green glass B - an uncursed worthless piece of orange glass C - an uncursed sapphire D - an uncursed worthless piece of blue glass N - an uncursed jasper stone Y - 3 uncursed worthless pieces of white glass Spells and supernatural/magical abilities: Name Level Category Cost Memory W - pray for help -- divine ? -- Your skills at the end: Fighting Skills martial arts [Basic] wands [Basic] Weapon Skills short sword [Basic] long sword [Skilled] bow [Basic] Spellcasting Skills Final Attributes: You had transgressed. You had a +1 damage bonus. You were fast. You were unlucky. Amaterasu Omikami was noncommittal. You are dead. Vanquished creatures: a watchman a dog 5 water moccasins 4 apes 2 imps a shrieker 5 gnome lords 2 gnomish wizards 2 elf zombies a straw golem a baby crocodile a kitten 2 dwarves a kobold lord 2 hill orcs 2 rothes a wererat an iguana 2 hobbits 2 manes 4 cave spiders 15 gnomes 4 geckos 6 jackals 2 foxes a kobold 4 goblins 2 sewer rats 3 grid bugs 6 lichens a kobold zombie 5 newts 92 creatures vanquished. Voluntary challenges: You used a wielded weapon 131 times, starting on turn 159. You read items or engraved 2 times, starting on turn 1411. You never genocided any monsters. You never polymorphed an object. You never changed form. You used no wishes. You never split a pudding. You never wrote Elbereth's name. You violated your moral code, losing 39 points of alignment, starting on turn 2887. Dungeon overview: The Dungeons of Doom: levels 1 to 4 Level 1 a vault a long staircase Level 2 (some statues) Level 3 Level 4 an altar to Amaterasu Omikami stairs to The Gnomish Mines The Gnomish Mines: levels 5 to 7 Level 5 stairs to The Dungeons of Doom Level 6 Level 7 <- You were here a delicatessen History has recorded: On T:1 you entered the Dungeons of Doom to retrieve the Amulet of Yendor! On T:245 you reached level 2 of The Dungeons of Doom. On T:324 you advanced to experience level 2. On T:330 you reached level 3 of The Dungeons of Doom. On T:651 you reached level 4 of The Dungeons of Doom. On T:764 you advanced to experience level 3. On T:845 you reached level 1 of The Gnomish Mines. On T:1137 you advanced to experience level 4. On T:1591 you advanced to experience level 5. On T:1625 you reached level 2 of The Gnomish Mines. On T:1786 you reached level 3 of The Gnomish Mines. On T:2278 you advanced to experience level 6. Score breakdown: Gold: 695 ( 9669 points) Experience: 6 levels (12456 points) Exploration: 7 levels ( 14.00%) (10497 points) Discoveries: 2 items ( 0.80%) ( 2683 points) Valuables value: (no points given unless you survive) Artifact value: 0 ( 0 points) Variety of kills: 32 monsters ( 8.42%) ( 8705 points) Turncount: 2894 turns ( -546 points) Survival: died (score multiplied by 80%) Total score: 34771 Latest messages: You hit the watchman! The watchman wields a wakizashi! The wakizashi welds itself to the watchman's hand! You miss the watchman. (2x) The watchman thrusts his wakizashi at you. The watchman hits! You hit the watchman! The watchman thrusts his wakizashi at you. The watchman hits! You are beginning to feel hungry. You kill the watchman! You murderer! Your conscience bothers you... There are several objects here. You hit the watchman. The watchman picks up a few items from the floor. The watchman wields a wakizashi! This door is locked. You miss the gnomish wizard. You hit the gnomish wizard! The watchman thrusts his wakizashi at you. The watchman hits! You miss the gnomish wizard. The watchman thrusts his wakizashi at you. The watchman hits! You die... Final status: Sayonara Minoru the Samurai, killed by a watchman... You died in The Gnomish Mines on dungeon level 7 with 34771 points, and 695 pieces of gold, after 2894 moves. You were level 6 with a maximum of 45 hit points when you died.